Map: [ESL] Berlingrad

Players

HeroMarine

  • Race: Terran Terran

Solar - Winner!

  • Race: Zerg Zerg

Event: IEM Katowice 2022

VOD

Have the link to the VOD?

Description

Time

  • Played on: Feb. 26, 2022, 3:03 p.m.
  • Length: 22:33

All games in this series

Show
View Real Time Build Order
Export as new Build Order

HeroMarine Terran 

Build Orders: Reaper Expand, Hellion Banshee 

Get SALT Encoding   

  12  0:00  SCV  
  13  0:12  SCV  
  14  0:17  Supply Depot  
  14  0:24  SCV  
  15  0:38  SCV  
  15  0:39  Barracks  
  16  0:43  Refinery  
  16  0:50  SCV  
  17  1:03  SCV  
  18  1:15  SCV  
  19  1:26  Reaper  
  19  1:27  Orbital Command  
  20  1:39  Command Center  
  20  1:48  Supply Depot  
  20  1:52  SCV  
  21  1:58  Marine  
  22  2:04  SCV  
  22  2:08  Factory  
  23  2:16  SCV  
  23  2:20  Barracks Reactor  
  24  2:28  SCV  
  25  2:41  SCV  
  25  2:42  Command Center  
  26  2:53  SCV, Orbital Command  
  27  3:00  Starport  
  27  3:03  Refinery  
  27  3:06  SCV  
  27  3:10  Hellion  
  30  3:14  Hellion  
  30  3:18  SCV  
  30  3:19  SCV  
  34  3:21  Barracks Tech Lab  
  34  3:30  SCV  
  34  3:32  SCV, Hellion  
  38  3:35  Hellion  
  40  3:42  SCV  
  40  3:44  SCV, Banshee  
  45  3:53  Cloaking Field  
  45  3:57  SCV  
  45  4:01  Hellion x2, Orbital Command  
  50  4:03  SCV  
  50  4:06  Marine  
  50  4:09  SCV  
  53  4:13  Supply Depot  
  53  4:15  SCV  
  54  4:21  SCV  
  54  4:22  Hellion x2  
  59  4:26  Barracks Tech Lab  
  59  4:27  SCV  
  60  4:31  SCV  
  60  4:34  Banshee  
  60  4:35  Supply Depot, SCV  
  65  4:39  SCV  
  65  4:40  Supply Depot  
  65  4:43  SCV  
  67  4:47  Stimpack  
  67  4:49  Barracks, Factory Reactor  
  67  4:50  Barracks  
  68  4:52  SCV  
  68  4:54  SCV  
  68  4:56  SCV  
  68  4:58  Refinery  
  70  5:00  Refinery  
  70  5:01  Supply Depot  
  70  5:05  SCV  
  70  5:06  SCV  
  72  5:08  Marine  
  72  5:12  Engineering Bay  
  72  5:13  Engineering Bay  
  74  5:17  SCV  
  74  5:18  SCV, Orbital Command  
  75  5:26  Marine, Starport Reactor  
  76  5:29  Supply Depot  
  76  5:30  SCV x2  
  76  5:33  Barracks, Siege Tank  
  76  5:34  Barracks  
  81  5:41  Terran Infantry Armor Level 1, Terran Infantry Weapons Level 1  
  81  5:42  SCV  
  82  5:43  SCV  
  82  5:44  Supply Depot  
  82  5:45  SCV  
  82  5:48  Marine x2  
  82  5:49  Marine x2  
  88  5:50  Marine  
  88  5:54  SCV  
  88  5:55  SCV  
  91  5:57  SCV  
  91  6:01  Supply Depot  
  91  6:02  Medivac  
  91  6:03  Medivac  
  96  6:09  SCV  
  96  6:10  SCV x2  
  99  6:11  Marine x2  
  99  6:12  Marine  
  99  6:13  Marine x2  
  104  6:19  Supply Depot x2  
  104  6:21  Barracks Reactor  
  104  6:22  SCV x3  
  104  6:23  Barracks Reactor  
  107  6:26  Combat Shield  
  107  6:29  Marine x2  
  107  6:30  Marine x2  
  111  6:35  Refinery  
  111  6:36  Supply Depot x2  
  111  6:38  Medivac x2  
  115  6:44  Marine  
  115  6:45  Supply Depot  
  116  6:47  Marine x2  
  116  6:48  Marine x2  
  116  6:49  SCV x2  
  116  6:50  SCV  
  121  6:58  Barracks  
  121  6:59  Barracks, Marine x2  
  121  7:00  Barracks  
  123  7:02  Marine, Armory  
  123  7:05  Marine x4  
  128  7:09  Marine x2  
  128  7:10  Siege Tank  
  128  7:13  Medivac x2  
  137  7:20  Marine x2  
  137  7:21  Marine  
  136  7:22  Marine x2  
  136  7:24  Marine  
  136  7:25  Marine  
  136  7:26  Supply Depot  
  136  7:27  Supply Depot, Marine  
  136  7:29  Marine  
  142  7:38  Marine x3  
  142  7:40  Marine x2  
  142  7:42  Marine  
  142  7:43  Supply Depot, Marine, Siege Tank  
  152  7:45  Supply Depot, Marine  
  152  7:46  Medivac  
  152  7:47  Marine  
  156  7:51  Barracks Reactor  
  156  7:52  Barracks Reactor  
  156  7:56  Marine  
  156  7:57  Marine  
  156  7:58  Marine x5, Terran Infantry Weapons Level 2  
  154  8:08  Marine x5  
  154  8:10  Medivac  
  154  8:11  Terran Infantry Armor Level 2  
  154  8:14  Marine  
  154  8:15  Marine x2  
  154  8:16  Medivac  
  154  8:18  Marine  
  160  8:21  Marine x3  
  160  8:26  Marine x5  
  165  8:27  Siege Tank  
  165  8:32  Marine  
  165  8:33  Marine x2  
  171  8:36  Marine  
  171  8:38  Marine  
  171  8:39  Marine x2  
  175  8:44  Marine x5  
  175  8:45  Medivac  
  181  8:49  Marine, Medivac  
  181  8:51  Marine  
  181  8:52  Marine  
  181  8:53  Marine  
  187  8:56  Terran Vehicle And Ship Armor Level 1, Marine x2  
  189  9:06  Siege Tank  
  189  9:27  Marine, Liberator x2  
  189  9:34  Supply Depot  
  189  9:35  Supply Depot  
  189  9:36  Command Center  
  189  9:41  Marine  
  189  9:42  Marine  
  189  9:46  Marine  
  189  9:55  Marine x5, Siege Tank  
  189  9:56  Marine x3  
  189  9:57  Marine  
  189  9:59  Marine  
  187  10:00  Marine  
  187  10:04  Marine  
  185  10:10  Liberator x2  
  185  10:13  Marine x5  
  185  10:14  Marine x3  
  162  10:15  Marine  
  162  10:17  Marine  
  162  10:18  Marine  
  147  10:22  Marine  
  148  10:31  Marine x5  
  148  10:32  Marine x3  
  148  10:33  Marine  
  148  10:35  Marine  
  155  10:36  Marine  
  155  10:40  Marine  
  144  10:47  Siege Tank  
  144  10:48  Marine x5  
  144  10:49  Marine x3  
  143  10:50  Marine  
  143  10:53  Marine, Medivac x2  
  143  10:54  Marine  
  153  10:58  Marine  
  139  11:06  Marine x5  
  139  11:07  Marine x3  
  139  11:08  Marine  
  139  11:10  Marine  
  141  11:12  Marine  
  141  11:13  SCV x3  
  141  11:15  Marine  
  145  11:19  Siege Tank  
  145  11:23  Medivac, Liberator  
  145  11:24  Marine x5  
  145  11:25  SCV x2, Marine x3  
  162  11:26  Marine  
  162  11:28  Marine  
  162  11:29  Marine  
  157  11:33  Marine  
  157  11:35  SCV x2, Factory x2  
  157  11:38  SCV  
  144  11:42  Marine x5  
  144  11:43  Marine x3  
  144  11:44  Marine  
  144  11:46  Marine  
  137  11:47  Marine  
  137  11:51  Marine, Siege Tank  
  137  11:53  Liberator  
  145  11:58  Planetary Fortress  
  145  12:00  Marine x5  
  145  12:01  Marine x3  
  153  12:02  Marine  
  153  12:04  Marine  
  153  12:05  Marine  
  153  12:07  Terran Infantry Weapons Level 3  
  156  12:09  Marine, Medivac  
  159  12:17  Marine x4  
  159  12:18  Marine x3  
  159  12:21  Factory Tech Lab x2  
  164  12:23  Marine x2, Siege Tank  
  169  12:37  Marine x3  
  168  12:38  Marine  
  168  12:39  Marine  
  168  12:40  Marine x3  
  168  12:43  Siege Tank x2  
  182  12:46  Marine x2  
  182  12:50  Medivac  
  183  12:54  Marine  
  183  12:55  Marine, Siege Tank  
  188  13:02  Marine x4  
  188  13:05  Marine x2  
  185  13:06  Marine x2  
  185  13:08  SCV  
  175  13:15  Marine x4, Siege Tank x2  
  175  13:19  Marine  
  180  13:20  Marine x3  
  180  13:23  Marine x2  
  180  13:24  Marine x2  
  188  13:27  Siege Tank  
  188  13:32  Marine  
  188  13:34  Medivac  
  194  13:40  Refinery x2, Medivac  
  191  13:42  Command Center  
  191  13:47  Siege Tank x2  
  181  13:59  Siege Tank  
  181  14:00  Marine x2  
  181  14:01  Marine x10  
  160  14:18  Marine x2  
  160  14:19  Marine x6, Siege Tank x2  
  160  14:21  Marine  
  175  14:25  Marine x2  
  175  14:28  Marine  
  174  14:31  Siege Tank  
  174  14:34  Liberator  
  174  14:36  Marine  
  180  14:43  Marine x7  
  180  14:44  Marine x3  
  189  14:46  Marine  
  189  14:51  Siege Tank  
  185  14:53  Siege Tank  
  185  14:54  Marine  
  185  14:59  Medivac  
  191  15:01  Marine x2  
  191  15:07  Marine x2  
  195  15:17  Marine x2, Medivac, Siege Tank  
  195  15:18  Marine  
  150  15:21  Marine x2  
  150  15:23  Marine, Siege Tank  
  150  15:24  Marine  
  150  15:26  Marine  
  141  15:31  Marine  
  141  15:32  Marine x2  
  135  15:37  Marine, Siege Tank  
  135  15:39  Marine  
  135  15:42  Marine  
  126  15:43  Marine  
  126  15:44  Marine  
  126  15:48  Orbital Command  
  129  15:54  Siege Tank  
  132  16:00  Siege Tank  
  135  16:09  Siege Tank  
  138  16:17  Marine  
  139  16:19  Marine  
  139  16:22  Marine  
  139  16:25  Marine x2  
  143  16:26  Marine, Siege Tank  
  143  16:28  Marine  
  146  16:34  Siege Tank  
  149  16:41  Siege Tank  
  149  16:45  Missile Turret  
  152  16:52  Liberator  
  152  16:54  Marine x3  
  156  16:58  Orbital Command, Siege Tank  
  156  16:59  Marine  
  156  17:00  Marine  
  162  17:09  Marine x6  
  162  17:13  Siege Tank  
  171  17:19  Siege Tank  
  171  17:20  Marine  
  175  17:26  Marine x2  
  177  17:30  Siege Tank  
  177  17:34  Marine x2  
  177  17:35  Marine  
  182  17:45  Siege Tank  
  182  17:50  Marine  
  182  17:51  Marine x7, Siege Tank  
  195  18:00  Terran Infantry Armor Level 3  
  195  18:10  Siege Tank  
  198  18:15  Marine x2  
  200  18:23  Marine  
  197  18:36  Siege Tank  
  197  18:37  Marine  
  197  18:38  Marine x2  
  189  18:44  Marine x8  
  189  18:46  Marine  
  182  18:51  Siege Tank x2  
  182  18:55  Marine x3  
  188  19:01  Marine  
  188  19:02  Marine x7  
  183  19:04  Marine  
  177  19:13  Marine x3  
  177  19:14  Viking  
  177  19:15  Viking  
  177  19:16  Siege Tank  
  182  19:19  Marine  
  180  19:26  Marine x2  
  180  19:30  Orbital Command  
  182  19:44  Viking  
  184  19:47  Viking  
  184  19:48  Marine  
  184  19:49  Marine x10  
  197  19:54  Marine  
  197  20:02  Siege Tank  
  197  20:06  Marine x3  
  191  20:08  Marine x4  
  187  20:25  Siege Tank  
  187  20:26  Marine x3  
  189  20:36  Marine x2  
  189  20:41  Siege Tank  
  194  21:05  Siege Tank  
  194  21:08  Marine x3  
  194  21:09  Marine x3  
  193  21:11  Marine x2  
  193  21:15  Orbital Command  
  183  21:19  Marine x2  
  183  21:20  Marine x2  
  186  21:26  Marine x3, Siege Tank  
  186  21:27  Marine x2  
  186  21:30  Marine  
  184  21:42  Siege Tank  
  184  21:54  Medivac  
  155  22:14  Marine x2  
Show
View Real Time Build Order
Export as new Build Order

Solar Zerg - Winner!

Build Orders: Hatch First, Lurkers 

Get SALT Encoding   

  12  0:00  Drone  
  13  0:13  Overlord  
  13  0:17  Drone  
  14  0:31  Drone x2  
  16  0:47  Hatchery  
  15  0:51  Drone  
  15  0:55  Drone  
  17  0:57  Drone  
  18  1:10  Extractor  
  17  1:13  Spawning Pool  
  17  1:16  Drone  
  17  1:19  Drone  
  18  1:28  Drone  
  19  1:40  Drone  
  20  1:54  Drone  
  20  1:59  Queen x2  
  20  2:00  Zergling x2  
  20  2:01  Zergling x2  
  27  2:14  Overlord, Zergling x2  
  28  2:27  Hatchery  
  28  2:28  Drone  
  28  2:33  Drone  
  28  2:34  Drone  
  30  2:39  Queen  
  30  2:43  Metabolic Boost  
  32  2:48  Overlord  
  32  2:51  Drone  
  33  2:54  Drone  
  33  2:57  Drone  
  33  2:58  Drone  
  36  3:07  Drone x2  
  36  3:08  Drone x2  
  36  3:10  Drone  
  41  3:18  Queen  
  43  3:20  Overlord  
  43  3:22  Drone  
  43  3:26  Overlord  
  44  3:40  Drone x4, Queen  
  44  3:41  Drone  
  51  3:45  Drone x2  
  53  3:50  Drone x3  
  53  3:52  Drone  
  53  3:53  Zergling x2  
  53  3:54  Zergling x2  
  59  3:56  Spore Crawler  
  59  4:00  Queen  
  59  4:01  Drone  
  62  4:03  Zergling x2  
  62  4:05  Overlord  
  63  4:11  Overlord  
  63  4:12  Drone  
  63  4:15  Drone  
  65  4:20  Overlord  
  65  4:22  Overlord  
  65  4:23  Queen  
  67  4:28  Drone x4  
  67  4:29  Lair  
  67  4:31  Drone, Extractor  
  71  4:32  Drone  
  71  4:34  Drone  
  71  4:35  Extractor  
  71  4:36  Drone  
  71  4:37  Zergling x2  
  73  4:39  Zergling x2  
  73  4:44  Spore Crawler  
  73  4:45  Overlord  
  73  4:46  Drone, Baneling Nest  
  73  4:49  Overlord  
  73  4:51  Spore Crawler  
  73  4:52  Drone  
  73  4:53  Drone x2  
  73  4:55  Spore Crawler  
  73  4:58  Drone x2  
  73  4:59  Drone  
  77  5:05  Drone x3  
  77  5:06  Drone  
  81  5:10  Evolution Chamber  
  81  5:11  Drone x3, Evolution Chamber  
  82  5:15  Drone x2  
  82  5:17  Extractor x2  
  82  5:20  Overlord  
  82  5:22  Drone  
  82  5:26  Drone x3  
  82  5:27  Overseer, Drone  
  87  5:31  Centrifugal Hooks  
  87  5:32  Drone x2  
  87  5:34  Drone  
  87  5:35  Overlord  
  90  5:37  Zergling x4  
  92  5:45  Drone  
  92  5:48  Hatchery  
  92  5:50  Zerg Ground Armor Level 1, Zerg Melee Weapons Level 1  
  92  5:52  Zergling x4  
  94  5:58  Zergling x10  
  94  6:00  Drone  
  94  6:02  Zergling x8  
  102  6:11  Drone x2  
  102  6:12  Drone  
  102  6:13  Drone  
  102  6:15  Drone  
  102  6:16  Drone  
  102  6:17  Drone x2  
  102  6:18  Drone  
  111  6:25  Baneling x11  
  111  6:26  Zergling x2  
  111  6:28  Overlord  
  111  6:29  Pneumatized Carapace  
  112  6:32  Zergling x2  
  112  6:33  Zergling x6  
  112  6:38  Drone  
  116  6:41  Drone x2  
  116  6:43  Baneling  
  116  6:46  Overlord  
  118  6:48  Zergling x10  
  118  6:52  Drone  
  124  6:55  Zergling x4  
  124  6:58  Zergling x6  
  129  7:02  Spore Crawler, Zergling x6  
  129  7:04  Hydralisk Den  
  129  7:05  Drone  
  131  7:10  Hatchery, Baneling x4  
  131  7:11  Zergling x2  
  131  7:14  Drone x3  
  133  7:16  Drone x2  
  133  7:17  Zergling x2  
  133  7:23  Zergling x2  
  133  7:26  Overlord  
  133  7:27  Zergling x6  
  137  7:30  Overlord  
  137  7:32  Zergling x2  
  137  7:35  Hatchery, Zergling x8  
  137  7:36  Baneling x4  
  141  7:40  Grooved Spines  
  141  7:41  Zergling x4  
  141  7:43  Drone, Extractor  
  143  7:46  Drone, Hydralisk x3  
  143  7:48  Zerg Ground Armor Level 2, Zerg Melee Weapons Level 2  
  149  7:55  Baneling x16  
  149  7:56  Zergling x10  
  149  7:57  Zergling x2  
  155  8:01  Zergling x8  
  155  8:02  Zergling x2  
  155  8:03  Overlord  
  154  8:07  Overlord  
  150  8:13  Overlord, Extractor  
  150  8:16  Infestation Pit  
  150  8:17  Drone x8  
  152  8:22  Zergling x10  
  152  8:24  Drone x2  
  152  8:25  Zergling x2  
  152  8:26  Zergling x2  
  161  8:30  Drone  
  161  8:32  Lurker Den  
  161  8:33  Zergling x6  
  164  8:35  Zergling x2  
  164  8:36  Extractor  
  164  8:37  Drone x2  
  164  8:41  Overlord  
  166  8:44  Zergling x14  
  166  8:46  Baneling  
  166  8:47  Baneling x5, Hydralisk  
  174  8:50  Hydralisk x3  
  174  8:53  Muscular Augments  
  181  8:55  Drone  
  181  8:57  Spore Crawler, Overlord  
  181  9:00  Overlord  
  181  9:02  Hive  
  177  9:03  Drone x2  
  177  9:05  Zergling x4  
  177  9:06  Zergling x2  
  175  9:10  Zergling x10  
  175  9:14  Zergling x8  
  182  9:17  Zergling x8  
  182  9:22  Baneling, Hydralisk x3  
  182  9:23  Zergling x2  
  188  9:25  Zergling x2  
  188  9:26  Zergling x4  
  188  9:28  Zergling x4  
  188  9:29  Zergling x2  
  189  9:34  Zergling x10  
  190  9:39  Zergling x8  
  190  9:42  Hydralisk  
  190  9:43  Hydralisk x2  
  190  9:45  Baneling x11  
  194  9:46  Zergling x2  
  194  9:49  Zergling x8  
  199  9:58  Zergling x16  
  195  10:00  Zergling x4  
  195  10:05  Zergling x8  
  191  10:13  Hydralisk x2  
  158  10:15  Zergling x6  
  158  10:17  Zergling x12  
  158  10:20  Zergling x10  
  158  10:21  Baneling x8  
  153  10:23  Viper x2  
  153  10:24  Zergling x6  
  153  10:27  Hydralisk, Zerg Missile Weapons Level 1  
  163  10:29  Baneling, Lurker x2  
  163  10:30  Baneling x2  
  163  10:34  Zergling x2  
  151  10:38  Zergling x8  
  142  10:43  Hydralisk x2  
  142  10:45  Hydralisk x2  
  142  10:49  Hydralisk x2  
  141  10:52  Seismic Spines  
  141  10:56  Zergling x24  
  141  10:57  Zergling x2  
  155  11:03  Hydralisk  
  155  11:04  Hydralisk x3  
  139  11:08  Hydralisk x2  
  140  11:13  Hydralisk x2  
  140  11:15  Hydralisk  
  140  11:16  Hydralisk x2  
  140  11:17  Zergling x4  
  144  11:20  Baneling x8  
  144  11:22  Zergling x4  
  144  11:23  Zergling x2  
  147  11:31  Hydralisk x3  
  142  11:36  Zergling x2  
  142  11:37  Zergling x6  
  136  11:41  Hydralisk, Zergling x2  
  133  11:49  Adaptive Talons  
  133  11:50  Zergling x2  
  133  11:51  Zergling x8  
  133  11:53  Lurker x4  
  142  11:56  Hatchery  
  142  11:58  Baneling x3  
  142  11:59  Baneling, Zergling x4  
  143  12:01  Queen  
  143  12:04  Baneling x3  
  143  12:05  Overlord  
  143  12:08  Baneling x3  
  145  12:10  Zergling x4  
  145  12:13  Baneling x3, Zergling x4  
  149  12:18  Zergling x10  
  149  12:22  Baneling x6  
  150  12:23  Overlord  
  150  12:25  Zergling x4  
  150  12:27  Zergling x2  
  150  12:28  Zergling x2  
  150  12:29  Lurker  
  155  12:33  Overlord  
  155  12:35  Zergling x4  
  157  12:37  Overlord  
  157  12:40  Queen x2  
  161  12:50  Lurker x3, Zergling x2  
  161  12:51  Zergling x2  
  166  12:52  Zergling x2  
  166  12:53  Zergling x6  
  166  12:56  Hydralisk x2  
  173  13:01  Hydralisk x2  
  173  13:04  Zergling x6  
  173  13:07  Zergling x2  
  173  13:11  Hydralisk x2  
  176  13:13  Zergling x10  
  176  13:17  Overlord  
  180  13:26  Zergling x10  
  180  13:28  Lurker x2  
  180  13:29  Lurker x2  
  180  13:31  Zergling x2  
  180  13:32  Zergling x2  
  183  13:36  Zergling x4  
  183  13:40  Drone  
  183  13:43  Drone  
  183  13:44  Drone  
  183  13:45  Drone  
  186  13:48  Hydralisk  
  177  14:00  Hydralisk x8  
  177  14:01  Zergling x4  
  175  14:08  Zergling x6  
  172  14:10  Baneling x8  
  172  14:13  Zergling x4  
  172  14:15  Zergling x2  
  172  14:16  Zergling x10  
  177  14:26  Zergling x10  
  177  14:30  Viper x2  
  185  14:38  Zergling x2  
  185  14:39  Zergling x14  
  184  14:47  Hydralisk x3  
  184  14:50  Hatchery  
  173  14:52  Lurker x2  
  173  14:56  Zergling x6  
  173  14:58  Lurker  
  176  15:03  Zergling x6  
  179  15:08  Zergling x4  
  179  15:09  Zergling x2  
  179  15:12  Baneling x4  
  153  15:22  Zergling x10  
  148  15:28  Hydralisk  
  148  15:29  Hydralisk  
  148  15:33  Zergling x4  
  148  15:38  Hydralisk  
  148  15:41  Hydralisk  
  139  15:46  Lurker  
  139  15:47  Lurker x2  
  142  15:52  Lurker x3  
  142  15:55  Zergling x4  
  142  15:56  Baneling x4  
  147  15:58  Zergling x2  
  147  16:02  Zergling x2  
  147  16:03  Zergling x4  
  151  16:11  Adrenal Glands  
  151  16:13  Zergling x4  
  151  16:14  Zergling x6  
  151  16:15  Zerg Missile Weapons Level 2  
  156  16:21  Baneling x6  
  156  16:22  Zergling x4  
  156  16:26  Zergling x8  
  156  16:31  Zergling x6  
  151  16:41  Hydralisk x4  
  151  16:44  Zergling x4  
  151  16:46  Lurker  
  161  16:50  Overseer  
  161  16:54  Nydus Network  
  161  16:55  Overseer  
  158  17:09  Zergling x14  
  158  17:12  Hydralisk  
  167  17:19  Hatchery  
  167  17:20  Drone x4  
  170  17:22  Hydralisk  
  170  17:23  Hydralisk  
  170  17:26  Drone x2  
  170  17:28  Spore Crawler  
  173  17:34  Lurker x3  
  173  17:35  Zergling x8  
  180  17:38  Overlord  
  180  17:41  Nydus Canal  
  180  17:42  Drone x2  
  179  17:44  Drone  
  179  17:45  Drone  
  179  17:46  Drone  
  179  17:48  Zergling x2  
  179  17:51  Drone  
  180  17:59  Drone  
  180  18:00  Burrow  
  180  18:01  Zerg Ground Armor Level 3  
  180  18:02  Drone  
  182  18:07  Zergling x8  
  182  18:10  Baneling x3  
  186  18:13  Zergling x4  
  186  18:19  Zergling x2  
  192  18:20  Zergling x6  
  192  18:21  Nydus Canal  
  192  18:23  Zergling x2  
  192  18:26  Hydralisk  
  195  18:31  Hydralisk x2  
  165  18:49  Zergling x10  
  165  18:50  Zergling x14  
  165  18:53  Lurker x5  
  181  18:56  Zergling x4  
  181  18:59  Zergling x4  
  181  19:00  Zergling x2  
  184  19:02  Zergling x2  
  184  19:03  Baneling, Zergling x2  
  184  19:07  Zergling x4  
  184  19:08  Zergling x2  
  188  19:11  Hydralisk  
  188  19:13  Hydralisk  
  182  19:25  Nydus Canal  
  182  19:27  Lurker  
  182  19:29  Zergling x2  
  182  19:30  Baneling, Zergling x2  
  182  19:31  Baneling  
  185  19:32  Hatchery  
  185  19:33  Zergling x2  
  185  19:36  Overlord  
  185  19:38  Zergling x4  
  187  19:42  Nydus Canal  
  186  19:46  Zergling x2  
  186  19:50  Baneling x6  
  186  19:51  Overseer  
  187  19:55  Baneling  
  187  19:57  Overseer  
  187  19:58  Nydus Canal  
  187  19:59  Zergling x14  
  194  20:04  Zergling x4  
  194  20:08  Zergling x4  
  194  20:11  Zergling x6  
  192  20:15  Nydus Canal  
  192  20:16  Zergling x6  
  192  20:19  Baneling x6  
  195  20:26  Overlord  
  195  20:27  Overlord  
  195  20:31  Zergling x2, Nydus Canal  
  195  20:33  Overlord  
  195  20:35  Overlord  
  196  20:36  Baneling x2  
  196  20:40  Overlord  
  196  20:42  Overlord  
  196  20:44  Overlord  
  196  20:49  Overlord  
  196  20:53  Zergling x8  
  196  20:54  Nydus Canal  
  200  20:59  Overseer  
  199  21:20  Zergling x6  
  196  21:29  Lurker x3  
  193  21:36  Hydralisk x2  
  193  21:37  Zergling x26  
  192  21:50  Hydralisk x2  
  192  21:52  Zergling x4  
  186  22:07  Hydralisk x2  
  169  22:12  Zergling x6  

Tags
 
Add a new tag
Caveats
  • Supply blocks, unpowered buildings, or Contaminate may cause inaccurate times.
  • Supply counts are checked every 10 seconds.